 Dungeon Crawl Stone Soup version 0.29-a0-11-ga75d3d97ab (webtiles) character file.

Game seed: 13814431223161740100

63 Armakuni the Changer (level 4, -3/33 HPs)
             Began as a Human Wanderer on Jan 28, 2022.
             Killed from afar by Natasha (9 damage)
             ... with a magic dart
             ... on level 2 of the Dungeon.
             The game lasted 00:05:27 (2462 turns).

Armakuni the Changer (Human Wanderer)               Turns: 2462, Time: 00:05:28

Health: -3/33      AC:  5    Str: 15    XL:     4   Next: 31%
Magic:  0/5        EV: 10    Int: 15    God:
Gold:   95         SH:  0    Dex:  9    Spells: 4/5 levels left

rFire   . . .      SeeInvis .   a - +1 mace (protect)
rCold   . . .      Faith    .   (no shield)
rNeg    . . .      Spirit   .   d - +0 ring mail
rPois   .          Reflect  .   (no helmet)
rElec   .          Harm     .   (no cloak)
rCorr   .          Rampage  .   (no gloves)
Will    .....                   (no boots)
Stlth   +.........              (no amulet)
HPRegen 0.11/turn               (no ring)
MPRegen 0.09/turn               (no ring)

@: slowed, very slow
A: no striking features
a: no special abilities


You were on level 2 of the Dungeon.
You visited 1 branch of the dungeon, and saw 2 of its levels.

You collected 95 gold pieces.

Inventory:

Hand Weapons
 a - a +1 mace of protection (weapon)
 b - a +2 hand axe of flaming
 e - a +1 falchion of holy wrath
Armour
 d - a +0 ring mail (worn)
 g - a +0 scale mail
Jewellery
 c - a ring of flight
Wands
 j - a wand of iceblast (7)
Scrolls
 h - a scroll of amnesia {unknown}
Potions
 f - a potion of haste {unknown}
 i - a potion of attraction {unknown}


   Skills:
 - Level 1.9 Fighting
 + Level 2.2 Armour
 - Level 1.0 Dodging
 - Level 1.0 Stealth
 - Level 1.0 Spellcasting
 - Level 2.0 Necromancy
 + Level 2.3 Transmutations
 - Level 2.0 Poison Magic
 - Level 1.0 Invocations


You had 4 spell levels left.
You knew the following spells:

 Your Spells              Type           Power      Damage    Failure   Level
z - Sting                 Tmut/Pois      28%        1d4       21%         1

Your spell library contained the following spells:

 Spells                   Type           Power      Damage    Failure   Level
 Animate Skeleton         Necr           12%        N/A       21%         1
 Pain                     Necr           24%        1d5       21%         1
 Corpse Rot               Necr/Air       6%         N/A       43%         2
 Spider Form              Tmut/Pois      7%         N/A       52%         3


Dungeon Overview and Level Annotations

Branches:
Dungeon (2/15)

Altars:

Shops:
D:2 (

Annotations:
D:2 1 runed translucent door, Crazy Yiuf, Natasha


Message History

Natasha is nearby!
Natasha stares at you and mumbles some strange words.
The magic dart hits you!
Aiming: Sting (safe; 21% risk of failure)
Press: ? - help, Q - select action, (/) - cycle Shift-Dir - straight line, f - you That beam is likely to hit you.
Continue anyway?
Okay, then.
Aiming: Sting (safe; 21% risk of failure)
Press: ? - help, Q - select action, (/) - cycle Shift-Dir - straight line, f - Natasha
Aim: Natasha (60% to hit)
The sting misses Natasha.
Aiming: Sting (safe; 21% risk of failure)
Press: ? - help, Q - select action, (/) - cycle Shift-Dir - straight line, f/p - Natasha
Aim: Natasha (60% to hit)
The sting hits Natasha.
Natasha is poisoned.
Natasha is lightly wounded.
Natasha claws you.
Aiming: Sting (safe; 21% risk of failure)
Press: ? - help, Q - select action, (/) - cycle Shift-Dir - straight line, f/p - Natasha
Aim: Natasha (lightly wounded, poisoned, 60% to hit)
The sting hits Natasha.
Natasha looks even sicker.
Natasha is moderately wounded.
Natasha claws you!
Aiming: Sting (safe; 21% risk of failure)
Press: ? - help, Q - select action, (/) - cycle Shift-Dir - straight line, f/p - Natasha
Aim: Natasha (heavily wounded, very poisoned, 60% to hit)
The sting hits Natasha.
Natasha looks even sicker.
Natasha is severely wounded.
Natasha stares at you and mumbles some strange words.
You feel yourself slow down.
Aiming: Sting (safe; 21% risk of failure)
Press: ? - help, Q - select action, (/) - cycle Shift-Dir - straight line, f/p - Natasha
Aim: Natasha (severely wounded, very poisoned, 60% to hit)
The sting misses Natasha.
Natasha stares at you and mumbles some strange words.
The magic dart hits you!
* * * LOW HITPOINT WARNING * * *
Natasha casts a spell at you. The magic dart hits you!
You die...

#.# #)# #.#
#.#. #.#
#.#.##### #.#
#.#.....# #.#
#.#.....# #.#
#.#.....####
#.#
#.#.........
#.# #.##....#
#.# #...@h# #.#
#.....#. #.#
#.......# ..
#.# ##....### .
#.# #....# #
#.# #....#
##.####....###
###
#............#
....
#.####.....#.#.
#.. ....


You could see Natasha (very poisoned).

Vanquished Creatures
  3 worms
  A dart slug (D:1)
  5 ball pythons
  5 bats
  3 endoplasms
  3 giant cockroaches
  7 goblins
  4 hobgoblins
  4 jackals (D:2)
  3 kobolds
  A quokka (D:1)
  3 frilled lizards (D:1)
  7 rats
49 creatures vanquished.

Notes
Turn   | Place    | Note
-------+----------+-------------------------------------------
     0 | D:1      | Armakuni the Human Wanderer began the quest for the Orb.
     0 | D:1      | Armakuni set off with the following items: a +0 club, a +0
                  | scale mail; and the following spells available to memorise:
                  | Animate Skeleton, Pain, Sting, Corpse Rot, Spider Form
     0 | D:1      | Reached XP level 1. HP: 15/15 MP: 2/2
     8 | D:1      | Learned a level 1 spell: Sting
   212 | D:1      | Reached XP level 2. HP: 22/22 MP: 0/3
   769 | D:1      | Reached skill level 1 in Transmutations
  1187 | D:1      | Reached XP level 3. HP: 23/27 MP: 1/4
  1823 | D:2      | Found a faded altar of an unknown god.
  2011 | D:2      | Found Equsk's Weapon Shoppe.
  2046 | D:2      | Found a runed translucent door.
  2047 | D:2      | Noticed Crazy Yiuf
  2223 | D:2      | Reached XP level 4. HP: 33/33 MP: 5/5
  2455 | D:2      | Noticed Natasha
  2462 | D:2      | Killed from afar by Natasha

Illustrated notes

Levels and vault maps discovered:
D:1:      minmay_arrival_stair_chambers, layout_basic
D:2:      layout_basic, serial_shops, nicolae_shop_stone,
          nicolae_ecumenical_pavilion, wad_floor_pattern_untrapped,
          minmay_divided_ellipse, uniq_natasha, uniq_crazy_yiuf_cottage

Skill      XL: |  1  2  3  4 |
---------------+-------------+-----
Transmutations | 1 2 |  2.3
Armour         | 2 |  2.2
Fighting       | |  1.9
Dodging        | |  1.0
Stealth        | |  1.0
Spellcasting   | |  1.0
Necromancy     | |  2.0
Poison Magic   | |  2.0
Invocations    | |  1.0

Action                   |  1- 3 |  4- 6 || total
-------------------------+-------+-------++-------
Melee: Club              |    13 |       ||    13
       Whip              |    17 |       ||    17
       Mace              |    29 |    19 ||    48
       Falchion          |     7 |       ||     7
 Cast: Sting             |    43 |    12 ||    55
  Use: Scroll            |     3 |       ||     3
Armor: Ring mail         |    46 |    11 ||    57
Dodge: Dodged            |    59 |     4 ||    63

Table legend: (Time is in decaauts)
 A = Elapsed time spent in this place.
 B = Non-inter-level travel time spent in this place.
 C = Inter-level travel time spent in this place.
 D = Time resting spent in this place.
 E = Time spent auto-exploring this place.
 F = Levels seen in this place.
 G = Mean time per level.
                   A        B        C        D        E       F      G
               +--------+--------+--------+--------+--------+-----+--------+
         Total |   2489 |   2485 |      4 |    282 |   1707 |   2 | 1244.5 |
       Dungeon |   2489 |   2485 |      4 |    282 |   1707 |   2 | 1244.5 |
               +--------+--------+--------+--------+--------+-----+--------+

Top non-repeatable levels by time:
     D:1: 1966 daAuts
     D:2: 523 daAuts
